 Dungeon Crawl Stone Soup version 0.29.1-15-g9cfb28693d (webtiles) character file.

Game seed: 1498418204129865697

2167 crabbadone the Covert (level 9, -3/41 HPs)
             Began as a Spriggan Enchanter on Mar 22, 2023.
             Was an Initiate of Wu Jian.
             Killed from afar by an electric eel (14 damage)
             ... with a bolt of electricity
             ... on level 6 of the Dungeon.
             The game lasted 01:04:18 (8352 turns).

crabbadone the Covert (Spriggan Enchanter)          Turns: 8352, Time: 01:04:19

Health: -3/41      AC:  3    Str:  4    XL:     9   Next: 10%
Magic:  28/28      EV: 19    Int: 17    God:    Wu Jian [......]
Gold:   271        SH:  0    Dex: 19    Spells: 7/21 levels left

rFire   . . .      SeeInvis +   a - +1 dagger (venom)
rCold   + . .      Faith    .   (no shield)
rNeg    . . .      Spirit   .   b - +0 robe
rPois   .          Reflect  .   (helmet restricted)
rElec   .          Harm     .   z - +0 cloak
rCorr   .          Rampage  .   (gloves unavailable)
Will    +....                   (boots unavailable)
Stlth   +++++.....              (no amulet)
HPRegen 0.13/turn               e - ring of protection from cold
MPRegen 0.21/turn               C - ring of magical power

@: hasted, very quick
A: very small, no large weapons, unfitting armour, see invisible, speed 3
a: Renounce Religion


You were on level 6 of the Dungeon.
You worshipped Wu Jian.
Wu Jian was noncommittal.
You visited 2 branches of the dungeon, and saw 7 of its levels.
You also visited: Sewer and Ossuary.

You collected 271 gold pieces.

Inventory:

Hand Weapons
 a - a +1 dagger of venom (weapon)
 f - a +0 short sword
 p - a +0 long sword
 D - a +3 vorpal flail
Missiles
 d - 59 stones
 j - 11 boomerangs
 x - 19 poisoned darts (quivered)
Armour
 b - a +0 robe (worn)
 z - a +0 cloak (worn)
 G - +0 swamp dragon scales
Jewellery
 e - a ring of protection from cold (left hand)
 C - a ring of magical power (right hand)
Wands
 u - a wand of polymorph (9)
 A - a wand of quicksilver (7)
 F - a wand of paralysis (3)
Scrolls
 m - 2 scrolls of fear
 n - 3 scrolls of enchant armour {unknown}
 q - 2 scrolls of teleportation
 r - a scroll of magic mapping {unknown}
 y - 2 scrolls of amnesia {unknown}
 B - a scroll of blinking
 E - 2 scrolls of identify
Potions
 c - a potion of invisibility
 g - 6 potions of curing
 h - 2 potions of degeneration {unknown}
 i - 3 potions of mutation
 k - a potion of berserk rage {unknown}
 l - a potion of haste
 o - a potion of magic {unknown}
 s - 4 potions of flight
 t - 2 potions of might {unknown}
 v - a potion of attraction {unknown}
 w - 4 potions of lignification {unknown}
 H - a potion of ambrosia {unknown}


   Skills:
 + Level 1.1 Fighting
 + Level 3.7 Short Blades
 + Level 4.7 Dodging
 + Level 10.7 Stealth
 + Level 6.6 Spellcasting
 * Level 2.0 Conjurations
 - Level 7.9 Hexes
 - Level 2.0 Air Magic
 - Level 2.0 Poison Magic


You had 7 spell levels left.
You knew the following spells:

 Your Spells              Type           Power      Damage    Failure   Level
a - Confusing Touch       Hex            32%        N/A       1%          3
b - Ensorcelled Hibernat  Hex/Ice        38%        N/A       3%          2
c - Dazzling Flash        Conj/Hex       44%        N/A       4%          3
d - Mephitic Cloud        Conj/Pois/Air  12%        N/A       16%         3
e - Tukima's Dance        Hex            32%        N/A       1%          3

Your spell library contained the following spells:

 Spells                   Type           Power      Damage    Failure   Level
 Magic Dart               Conj           48%        1d5       5%          1
 Call Imp                 Summ           5%         N/A       19%         2
 Gell's Gravitas          Tloc           5%         N/A       36%         3
 Teleport Other           Tloc           5%         N/A       36%         3
 Airstrike                Air            6%         2d(1-17)  47%         4
 Dispersal                Tloc           2%         N/A       100%        6
 Storm Form               Tmut/Air       4%         N/A       100%        7
 Chain Lightning          Conj/Air       6%         3d8       100%        9


Dungeon Overview and Level Annotations

Branches:
Dungeon (6/15)             Temple (1/1) D:6           Sewer (visited)
Ossuary (visited)

Altars:
Ashenzari
Elyvilon
Fedhas
Kikubaaqudgha
Makhleb
Nemelex Xobeh
Okawaru
Qazlal
Ru
Sif Muna
Uskayaw
Vehumet
Wu Jian
Yredelemnul
The Shining One

Annotations:
D:5 3 runed translucent doors, Crazy Yiuf; burchardtist's ghost, novice TrFi
D:6 exclusion: door


Innate Abilities, Weirdness & Mutations

You are very small and have problems with some larger weapons.
You are too small for most types of armour.
You have supernaturally acute eyesight. (SInv)
You cover ground extremely quickly. (Speed+++)


Message History

There is a staircase to the Ecumenical Temple here.
You see here an adder corpse.
Found a shimmering blue altar of Sif Muna.
You open the door. 2 orc wizards come into view.
An orc wizard is wielding a +0 dagger of venom.
The orc wizard shouts!
Found Sif Muna's Handbook of the Excursion.
Found an escape hatch in the floor.
There are monsters nearby!
There is an open door here.
You close the door.
Press: ? - help, v - describe, . - travel A closed door.
Placed new exclusion.
Reduced exclusion size to a single square.
There is a shimmering blue altar of Sif Muna here.
Found a stone staircase leading down.
H - a yellow potion You now have 254 gold pieces (gained 15).
There is a stone staircase leading down here.
d - 59 stones (gained 9)
Found a short sword.
You see here a +0 short sword.
You see here a +0 short sword.
Found a morningstar.
You now have 271 gold pieces (gained 17).
q - 2 scrolls of teleportation (gained 1)
You see here a +0 morningstar.
An electric eel comes into view.
An electric eel is nearby!
You enter the shallow water.
Moving in this stuff is going to be slow.
The electric eel shoots out a bolt of lightning at you!
The bolt of electricity hits you! x2
* * * LOW HITPOINT WARNING * * *
You feel yourself speed up.
The electric eel shoots out a bolt of lightning at you!
The bolt of electricity hits you!
You die...

#.##### ###..#
##)##.##.## #.#
#..# ##.#.#.##
#.# #..#
##...## #.#
########..#
##.## #.#
#)............#
#.# #.# #...
....##.### #.#
#.# #..# ##
##~.~## #.# #.
#..# ##~~.~~##
#.# #. #..#
#S~@..S~# ..#
#.## #..#
#~~.###.~~# .##
#..# #..# #~~.#
#.~~## ##.#
#..##~~.#
#.~~## ##.#
#.##~~.# #.~~##
##.####.#~~.#
#.~~#
##......#~..
..~#
##.###.##~~
##.~~# .#.# #.#
##.~~#


You could see 2 electric eels.

Vanquished Creatures
  Maggie (D:6)
  Eustachio (D:5)
  Menkaure (D:5)
  2 water moccasins
  An ice beast (D:5)
  2 ogres
  A centaur (D:5)
  A kobold brigand (Sewer)
  Blork the orc (D:5)
  2 bullfrogs
  3 scorpions
  An oklob sapling (D:6)
  A howler monkey (D:5)
  A jelly (D:4)
  A hound (D:3)
  2 orc priests (D:4)
  A gnoll bouda (D:5)
  2 orc wizards
  3 gnolls
  8 adders
  A river rat (Sewer)
  3 white imps
  An ufetubus (D:5)
  An adder zombie (Ossuary)
  3 worms
  A dart slug (D:1)
  6 orcs
  4 bats
  5 endoplasms
  A giant cockroach (D:3)
  5 goblins
  3 hobgoblins
  9 jackals
  4 quokkas
  6 ball pythons
  3 frilled lizards (D:2)
  A gnoll zombie (Ossuary)
  2 goblin zombies (Ossuary)
  3 hobgoblin zombies (Ossuary)
  12 kobolds
  5 quokka zombies (Ossuary)
  7 rats
  2 rat zombies (Ossuary)
124 creatures vanquished.

Vanquished Creatures (collateral kills)
  Edmund (D:4)
1 creature vanquished.

Vanquished Creatures (others)
  2 dancing weapons (D:6)
  17 plants
19 creatures vanquished.

Grand Total: 144 creatures vanquished

Notes
Turn   | Place    | Note
-------+----------+-------------------------------------------
     0 | D:1      | crabbadone the Spriggan Enchanter began the quest for the
                  | Orb.
     0 | D:1      | Reached XP level 1. HP: 9/9 MP: 5/5
   316 | D:1      | Noticed a shining eye
   318 | D:1      | Found a faded altar of an unknown god.
   319 | D:1      | Noticed a shining eye
   319 | D:1      | Noticed a great orb of eyes
   319 | D:1      | Noticed a shining eye
   638 | D:1      | Reached XP level 2. HP: 13/13 MP: 6/6
   641 | D:1      | Learned a level 2 spell: Ensorcelled Hibernation
  1118 | D:2      | Reached skill level 5 in Stealth
  1501 | D:2      | Reached XP level 3. HP: 16/16 MP: 3/8
  1505 | D:2      | Learned a level 3 spell: Confusing Touch
  2134 | D:3      | Reached skill level 5 in Hexes
  2134 | D:3      | Reached XP level 4. HP: 21/21 MP: 6/9
  2525 | D:3      | Found an iron altar of Okawaru.
  3030 | D:4      | Noticed an ogre
  3042 | D:4      | Killed an ogre
  3043 | D:4      | Reached skill level 6 in Stealth
  3043 | D:4      | Reached XP level 5. HP: 11/24 MP: 7/10
  3255 | D:4      | Found a sacrificial altar of Ru.
  3257 | D:4      | Found a sand-covered staircase.
  3267 | Ossuary  | Entered an ossuary
  3327 | Ossuary  | Reached XP level 6. HP: 23/28 MP: 10/12
  3531 | D:4      | Reached skill level 7 in Stealth
  5140 | D:5      | Entered Level 5 of the Dungeon
  5140 | D:5      | Noticed Eustachio
  5140 | D:5      | Noticed Blork the orc
  5143 | D:5      | Killed Blork the orc
  5144 | D:5      | Reached XP level 7. HP: 32/32 MP: 12/14
  5144 | D:5      | Found a glowing drain.
  5148 | D:5      | Noticed Edmund
  5150 | D:5      | Killed Eustachio
  5151 | D:5      | Reached skill level 8 in Stealth
  5396 | Sewer    | Entered a sewer
  5505 | Sewer    | Found a white marble altar of Elyvilon.
  5535 | Sewer    | Learned a level 3 spell: Dazzling Flash
  5539 | Sewer    | Learned a level 3 spell: Mephitic Cloud
  5543 | Sewer    | Learned a level 3 spell: Tukima's Dance
  5764 | D:5      | Reached skill level 1 in Poison Magic
  5828 | D:5      | Reached skill level 9 in Stealth
  5828 | D:5      | Reached skill level 1 in Air Magic
  5828 | D:5      | Reached XP level 8. HP: 37/37 MP: 13/16
  6001 | D:4      | Reached skill level 5 in Spellcasting
  6001 | D:4      | Reached skill level 1 in Conjurations
  6244 | D:4      | Killed Edmund
  6315 | D:5      | Reached skill level 1 in Fighting
  6503 | D:5      | Got the Quarto of the Zephyr
  6526 | D:5      | Found a large runed translucent door.
  6526 | D:5      | Found a large runed translucent door.
  6527 | D:5      | Found a radiant altar of Vehumet.
  6527 | D:5      | Noticed burchardtist's ghost (novice TrFi)
  6564 | D:5      | Noticed Menkaure
  6632 | D:6      | Noticed Maggie
  6632 | D:6      | Found a staircase to the Ecumenical Temple.
  6720 | D:6      | Killed Maggie
  6721 | D:6      | Reached skill level 10 in Stealth
  7311 | D:5      | Killed Menkaure
  7431 | D:5      | Found a runed translucent door.
  7432 | D:5      | Noticed Crazy Yiuf
  7495 | D:6      | Reached XP level 9. HP: 36/41 MP: 12/19
  7889 | D:6      | Found an ancient bone altar of Kikubaaqudgha.
  8031 | Temple   | Entered the Ecumenical Temple
  8165 | Temple   | Became a worshipper of the Wu Jian Council
  8176 | D:6      | Found a shimmering blue altar of Sif Muna.
  8352 | D:6      | Killed from afar by an electric eel

Illustrated notes

Levels and vault maps discovered:
D:1:      dpeg_arrival_round_c, layout_basic,
          hellmonk_ecumenical_altar_watching_god, hangedman_abyss_or_decor_stabs
D:2:      layout_basic, dreamdust_princess_corridor
D:3:      layout_loops_ring, okawaru_metal_pillars_3
D:4:      layout_layer_cave, nicolae_ru_awakened_eye, serial_forest,
          infiniplex_forest_clump_diagonal, infiniplex_forest_lined_room_,
          infiniplex_forest_lined_2, infiniplex_forest_lined_2,
          infiniplex_forest_lined_2, infiniplex_forest_diagonal,
          infiniplex_forest_end_1, lightli_ossuary_entry_decrepit_ruins,
          serial_bayou_pond_c, roderic_lattice_a
D:5:      layout_rooms, fiery_altar_vehumet, ebering_ghost_disaster_area,
          cheibrodos_sewer_entry_drain, uniq_eustachio, uniq_crazy_yiuf_cottage,
          uniq_edmund, uniq_blork_the_orc, uniq_menkaure
D:6:      layout_loops_ring, nicolae_overflow_crystal_walls, led_sif_book,
          minmay_temple_entry_oklob, kennysheep_diamond, uniq_maggie
Temple:   eino_temple_lava

Skill      XL: |  1  2  3  4  5  6  7  8 |
---------------+-------------------------+-----
Hexes          | 4 5 6 7 |  7.9
Spellcasting   | 3 4 6 |  6.6
Stealth        | 5 6 7 9 10 | 10.7
Dodging        | 3 4 |  4.7
Short Blades   | 2 3 |  3.7
Poison Magic   | 1 2 |  2.0
Air Magic      | 1 2 |  2.0
Conjurations   | 2 |  2.0
Fighting       | 1 |  1.1

Action                   |  1- 3 |  4- 6 |  7- 9 || total
-------------------------+-------+-------+-------++-------
Melee: Dagger            |    82 |   121 |   148 ||   351
       Punch             |       |     1 |       ||     1
Throw: Stone             |     2 |     1 |       ||     3
       Dart              |       |       |     4 ||     4
 Cast: Ensorcelled Hiber |    13 |    37 |    27 ||    77
       Confusing Touch   |       |     3 |     5 ||     8
       Tukima's Dance    |       |       |     5 ||     5
       Dazzling Flash    |       |       |     2 ||     2
  Use: Scroll            |     1 |     9 |     4 ||    14
       Potion            |       |     1 |     6 ||     7
 Stab: Sleeping          |    15 |    31 |    19 ||    65
       Distracted        |     2 |     1 |     4 ||     7
       Confused          |       |     2 |     3 ||     5
       Invisible         |       |       |     1 ||     1
Armor: Robe              |     3 |     9 |    10 ||    22
Dodge: Dodged            |    45 |    80 |   127 ||   252
